Map: Curious Minds LE

Players

herO

  • Race: Protoss Protoss

AgoElazer (Elazer) - Winner!

  • Race: Zerg Zerg

VOD

Have the link to the VOD?

Description

Time

  • Played on: Oct. 22, 2021, 8:25 a.m.
  • Length: 13:09
Show
View Real Time Build Order
Export as new Build Order

herO Protoss 

Build Orders: Proxy Void Ray 

Get SALT Encoding   

  12  0:00  Probe  
  13  0:12  Probe  
  14  0:16  Pylon  
  14  0:24  Probe (Chrono Boost)  
  15  0:36  Probe (Chrono Boost)  
  15  0:38  Forge  
  16  0:45  Probe (Chrono Boost)  
  17  0:51  Probe  
  18  1:03  Probe  
  19  1:07  Pylon  
  19  1:27  Photon Cannon  
  19  1:30  Gateway  
  19  1:32  Photon Cannon  
  19  1:34  Probe  
  19  1:35  Assimilator  
  20  1:40  Assimilator  
  20  1:46  Probe  
  21  1:50  Pylon  
  21  1:58  Probe  
  22  2:08  Photon Cannon  
  22  2:10  Probe  
  23  2:17  Cybernetics Core  
  23  2:22  Zealot  
  25  2:26  Probe  
  26  2:37  Photon Cannon  
  26  2:47  Pylon  
  28  2:53  Adept (Chrono Boost)  
  28  2:54  Stargate  
  28  2:58  Shield Battery  
  28  3:11  Shield Battery  
  28  3:15  Shield Battery  
  28  3:20  Adept (Chrono Boost)  
  30  3:30  Void Ray (Chrono Boost)  
  32  3:44  Photon Cannon  
  32  3:51  Shield Battery  
  30  3:57  Void Ray (Chrono Boost)  
  30  4:00  Shield Battery  
  32  4:17  Photon Cannon  
  32  4:27  Shield Battery  
  32  4:32  Void Ray (Chrono Boost), Pylon  
  36  4:47  Shield Battery  
  36  5:00  Shield Battery, Void Ray (Chrono Boost)  
  40  5:16  Shield Battery  
  40  5:22  Shield Battery  
  40  5:31  Void Ray (Chrono Boost)  
  40  5:42  Shield Battery  
  44  5:50  Shield Battery  
  44  5:55  Photon Cannon  
  44  6:14  Shield Battery  
  44  6:22  Shield Battery  
  44  6:32  Shield Battery  
  44  6:36  Pylon  
  44  6:44  Shield Battery  
  44  6:48  Void Ray  
  44  6:49  Fleet Beacon  
  48  7:04  Photon Cannon  
  48  7:08  Shield Battery  
  48  7:30  Shield Battery, Tempest (Chrono Boost)  
  53  7:45  Pylon  
  53  8:03  Tempest (Chrono Boost)  
  58  8:07  Photon Cannon  
  58  8:10  Shield Battery  
  58  8:12  Shield Battery  
  58  8:35  Tempest (Chrono Boost)  
  58  8:40  Shield Battery  
  63  8:50  Shield Battery  
  61  9:14  Tempest  
Show
View Real Time Build Order
Export as new Build Order

AgoElazer Zerg - Winner!

Build Orders: Hatch First, Ravager All-In 

Get SALT Encoding   

  12  0:00  Drone  
  13  0:12  Overlord  
  13  0:17  Drone  
  14  0:30  Drone x2  
  16  0:48  Hatchery  
  15  0:51  Drone  
  15  0:55  Drone  
  17  0:58  Drone  
  18  1:09  Extractor  
  17  1:13  Spawning Pool  
  17  1:16  Drone  
  17  1:19  Drone  
  18  1:28  Drone  
  20  1:39  Hatchery  
  19  1:45  Drone  
  20  1:51  Drone  
  20  1:52  Extractor  
  20  1:59  Queen  
  20  2:00  Roach Warren  
  21  2:03  Drone  
  22  2:17  Overlord  
  22  2:26  Overlord  
  22  2:35  Queen  
  24  2:43  Roach  
  26  2:45  Roach  
  28  2:55  Roach  
  30  3:03  Ravager  
  30  3:05  Roach  
  33  3:06  Overlord  
  33  3:08  Ravager  
  33  3:10  Roach x2  
  38  3:25  Ravager  
  39  3:29  Ravager  
  39  3:31  Spore Crawler  
  39  3:43  Ravager  
  39  3:44  Queen  
  46  3:55  Drone x4  
  44  4:11  Ravager  
  44  4:15  Spore Crawler, Overlord  
  44  4:16  Overlord  
  44  4:23  Queen  
  46  4:36  Roach x2  
  50  4:46  Spore Crawler  
  46  4:56  Roach x2  
  46  4:57  Ravager x2  
  46  4:59  Queen  
  51  5:17  Roach x2  
  51  5:18  Ravager x2  
  57  5:41  Queen, Ravager x2  
  61  5:43  Overlord x2  
  61  6:06  Roach x3  
  67  6:22  Queen  
  69  6:30  Ravager x2  
  72  6:32  Drone  
  72  6:33  Drone  
  72  6:37  Spore Crawler  
  72  6:49  Drone x2  
  72  6:52  Spore Crawler  
  73  7:01  Lair  
  75  7:15  Drone x2  
  75  7:24  Drone  
  76  7:35  Drone  
  76  7:36  Spore Crawler  
  76  7:53  Drone  
  77  8:06  Queen  
  77  8:07  Nydus Network  
  78  8:31  Overlord x3  
  78  8:33  Spore Crawler x2  
  76  8:44  Queen  
  78  8:49  Nydus Canal  
  78  8:57  Spire  
  77  9:04  Drone x3  
  76  9:23  Queen  
  67  10:09  Corruptor x3  
  57  10:21  Corruptor  
  57  10:27  Queen  
  61  10:29  Spore Crawler  
  61  10:31  Spore Crawler x2  
  61  10:34  Corruptor  
  58  10:54  Corruptor  
  60  11:06  Corruptor  
  58  11:21  Ravager  
  54  11:28  Corruptor  
  44  11:49  Corruptor  
  38  12:06  Corruptor  
  40  12:21  Queen  
  38  12:53  Drone x3  
Tags
 
Add a new tag
Caveats
  • Supply blocks, unpowered buildings, or Contaminate may cause inaccurate times.
  • Supply counts are checked every 10 seconds.